cohdb
Replays
Latest Replays
All Replays
Popular Replays
Top Player Replays
Match Explorer
How It Works
Community
CoH3 Stats
Reddit
Sign in to upload your games and track your stats! →
Sign in with Steam
Match 45761311
Unlisted
Match 45761311
Overview
Messages
Build Orders
End
Construct Infanterie Kompanie
Grenadier Squad
Grenadier Squad
Grenadier Squad
MG 42 Machine Gun Team
Construct Luftwaffe Kompanie
221 Scout Car
Support Elements
Jäger Squad
Selects Breakthrough Battlegroup
Selects Rapid Production
Selects Assault Grenadiers
Wirbelwind Flakpanzer
Jäger Squad
Selects Breakthrough
Selects Mechanized Assault Group
Selects Blitzkrieg
Mechanized Assault Group
Luftwaffe Officer Quarters
Marder III M Tank Destroyer
Pioneer Squad
Breakthrough
Medical Bunker
Marder III M Tank Destroyer
Jäger Squad
Breakthrough
Selects Tiger Heavy Tank
Tiger Heavy Tank
Blitzkrieg
Breakthrough
Blitzkrieg
Marder III M Tank Destroyer
Construct Infanterie Kompanie
Pioneer Squad
MG 42 Machine Gun Team
Breakthrough
Blitzkrieg
Kettenkrad Recon Vehicle
MadMax
Nihed
0
0
Comments
sign in to comment!
No comments posted yet!